 Dungeon Crawl Stone Soup version 0.30-a0-242-g7bf8e6d787 (webtiles) character file.

Game seed: 3545535844897185685

1175 Anon1729 the Ducker (level 8, 0/63 HPs)
             Began as a Merfolk Monk on Oct 11, 2022.
             Was a Follower of Uskayaw.
             Slain by a gnoll sergeant
             ... wielding a +0 spear
              (10 damage)
             ... on level 6 of the Dungeon.
             The game lasted 00:06:55 (5039 turns).

Anon1729 the Ducker (Merfolk Monk)                  Turns: 5039, Time: 00:06:56

Health: 0/63       AC:  6    Str: 12    XL:     8   Next: 41%
Magic:  12/12      EV: 13    Int:  9    God:    Uskayaw [*.....]
Gold:   193        SH:  0    Dex: 18    Spells: 7/7 levels left

rFire   + . .      SeeInvis .    t - +0 great sword
rCold   . . .      Faith    .    (shield currently unavailable)
rNeg    . . .      Spirit   .    j - +0 ring mail
rPois   .          Reflect  .    (no helmet)
rElec   .          Harm     .    (no cloak)
rCorr   .          Rampage  .    e - +0 pair of gloves
Will    .....                    (no boots)
Stlth   +++.......               (no amulet)
HPRegen 0.30/turn                k - ring of protection from fire
MPRegen 0.13/turn                (no ring)

@: no status effects
A: (nimble swimmer 2), mertail
a: Renounce Religion, Stomp


You were on level 6 of the Dungeon.
You worshipped Uskayaw.
Uskayaw was noncommittal.
You visited 1 branch of the dungeon, and saw 6 of its levels.

You collected 193 gold pieces.

Inventory:

Hand Weapons
 a - a +0 falchion
 t - a +0 great sword (weapon)
Armour
 b - a +0 robe
 e - a +0 pair of gloves (worn)
 j - a +0 ring mail (worn)
Jewellery
 k - a ring of protection from fire (left hand)
Scrolls
 d - 2 scrolls of identify
 f - a scroll of enchant weapon {unknown}
 g - 2 scrolls of fear
 l - 2 scrolls of magic mapping
 o - a scroll of teleportation
 p - 2 scrolls of poison {unknown}
Potions
 c - a potion of ambrosia
 h - 4 potions of curing
 i - a potion of attraction {unknown}
 m - a potion of invisibility {unknown}
 n - 2 potions of mutation
 q - 3 potions of degeneration {unknown}
 r - a potion of berserk rage {unknown}
 s - a potion of haste {unknown}


   Skills:
 + Level 5.5 Fighting
 + Level 6.1 Long Blades
 + Level 6.6 Dodging
 + Level 5.4 Stealth
 * Level 5.4 Invocations


You had 7 spell levels left.
You didn't know any spells.
Your spell library contained the following spells:

 Spells                   Type           Power      Damage    Failure   Level
 Magic Dart               Conj           0%         1d3       67%         1
 Call Imp                 Summ           0%         N/A       80%         2
 Sublimation of Blood     Necr           0%         N/A       80%         2
 Wereblood                Tmut           0%         N/A       80%         2
 Mephitic Cloud           Conj/Pois/Air  0%         N/A       95%         3
 Summon Hydra             Summ           0%         N/A       100%        7


Dungeon Overview and Level Annotations

Branches:
Dungeon (6/15)             Temple (0/1) D:4

Altars:
Hepliaklqana
Kikubaaqudgha
Uskayaw
Wu Jian
Xom
The Shining One

Annotations:
D:4 Dowan, Duvessa, Menkaure


Innate Abilities, Weirdness & Mutations

((You are very nimble when in or above water. (Stealth+, EV+, Speed+++)))
Your lower body shifts to a powerful aquatic tail in water.


Message History

The gnoll hits you with a +0 spear.
* * * LOW HITPOINT WARNING * * *
The gnoll hits the gnoll with a +0 spear.
The gnoll sergeant hits the gnoll with a +0 spear!
Aiming: Line Pass
Press: ? - help, Dir - move target The gnoll appears confused. x2; The gnoll sergeant appears confused.
You can no longer pass through a line of other dancers.
The gnoll completely misses the gnoll sergeant.
You aren't carrying any items that you can evoke.
Unknown command.
The gnoll hits the gnoll sergeant with a +0 spear.
The gnoll hits the gnoll sergeant but does no damage.
The gnoll hits you from afar with a +0 spear.
* * * LOW HITPOINT WARNING * * *
Found 4 gold pieces.
The gnoll sergeant closely misses you. The gnoll sergeant barely misses you.
You barely miss the gnoll sergeant.
The gnoll sergeant is severely wounded.
The gnoll sergeant closely misses you.
You hit the gnoll sergeant.
The gnoll sergeant is severely wounded.
The gnoll sergeant hits you with a +0 spear.
You hit the gnoll sergeant.
The gnoll sergeant is almost dead.
The gnoll sergeant barely misses you. x2
You hit the gnoll sergeant but do no damage.
The gnoll sergeant is almost dead.
The gnoll sergeant hits you with a +0 spear!
* * * LOW HITPOINT WARNING * * *
The gnoll sergeant blocks your attack.
The gnoll sergeant is almost dead.
The gnoll sergeant misses you.
The gnoll sergeant hits you with a +0 spear.
* * * LOW HITPOINT WARNING * * *
You closely miss the gnoll sergeant.
The gnoll sergeant is almost dead.
The gnoll sergeant hits you with a +0 spear!
You die...

#.#.... #.###.# ..
#.#.#... #.# .#.##
#.########.# .....
.... ..# #...
###$## ### #...
.....# #..###
.g...# ###### ....
.....# #....####.#
.....# #....ggg@.#
.....####....######
..........####
..........#
####......#
######.# ..# ###
.... #.. ......


You could see a gnoll sergeant and 2 gnolls.

Vanquished Creatures
  Grinder (D:4)
  Eustachio (D:3)
  2 water moccasins
  An ogre (D:5)
  A hound (D:6)
  2 orc priests
  8 iguanas
  3 orc wizards
  5 adders
  2 gnolls (D:6)
  A shadow imp (D:5)
  An ufetubus (D:5)
  A worm (D:2)
  15 orcs
  7 ball pythons
  4 bats
  6 endoplasms
  A giant cockroach (D:3)
  4 goblins
  7 hobgoblins
  6 jackals (D:2)
  4 quokkas
  14 frilled lizards
  2 kobolds
  5 rats
104 creatures vanquished.

Vanquished Creatures (others)
  6 plants (D:2)
6 creatures vanquished.

Grand Total: 110 creatures vanquished

Notes
Turn   | Place    | Note
-------+----------+-------------------------------------------
     0 | D:1      | Anon1729 the Merfolk Monk began the quest for the Orb.
     0 | D:1      | Reached XP level 1. HP: 18/18 MP: 1/1
   229 | D:1      | Reached XP level 2. HP: 24/24 MP: 2/2
   657 | D:2      | Reached XP level 3. HP: 28/29 MP: 3/3
   750 | D:2      | Found a shimmering altar of Xom.
  1100 | D:2      | Reached XP level 4. HP: 37/37 MP: 4/4
  1288 | D:3      | Found a hide-covered altar of Uskayaw.
  1385 | D:3      | Became a worshipper of Uskayaw the Reveller
  1385 | D:3      | Reached * piety under Uskayaw
  1396 | D:3      | Found a hazy altar of Hepliaklqana.
  1679 | D:3      | Found a glowing golden altar of the Shining One.
  1694 | D:3      | Found an ornate altar of the Wu Jian Council.
  1941 | D:3      | Found an ancient bone altar of Kikubaaqudgha.
  2055 | D:4      | Noticed Eustachio
  2157 | D:3      | Reached ** piety under Uskayaw
  2325 | D:3      | Reached *** piety under Uskayaw
  2330 | D:3      | Killed Eustachio
  2331 | D:3      | Reached skill level 5 in Dodging
  2331 | D:3      | Reached XP level 5. HP: 9/43 MP: 1/6
  2486 | D:4      | Reached XP level 6. HP: 45/49 MP: 7/7
  2509 | D:4      | Noticed Menkaure
  2540 | D:4      | HP: 2/49 [iguana (5)]
  2740 | D:4      | Found a staircase to the Ecumenical Temple.
  2894 | D:4      | Reached skill level 5 in Long Blades
  3249 | D:4      | Noticed Duvessa
  3249 | D:4      | Noticed Dowan
  3458 | D:4      | Noticed Grinder
  3475 | D:4      | Killed Grinder
  3476 | D:4      | Reached XP level 7. HP: 6/55 MP: 1/9
  3701 | D:5      | Entered Level 5 of the Dungeon
  3892 | D:5      | Reached skill level 5 in Fighting
  4130 | D:4      | Reached XP level 8. HP: 24/62 MP: 0/11
  4260 | D:5      | Reached skill level 5 in Stealth
  4343 | D:5      | Reached skill level 5 in Invocations
  4348 | D:5      | HP: 1/62 [iguana (4)]
  5039 | D:6      | Slain by a gnoll sergeant

Illustrated notes

Levels and vault maps discovered:
D:1:      ncdulo_halloftheorcs, layout_rooms, chequers_serial_rivers_micro_b,
          minmay_door_square
D:2:      layout_rooms, basic_altar, minmay_lizard_king
D:3:      layout_loops_ring, overflow_temple_1_default,
          nicolae_overflow_quartered_altars
D:4:      layout_cave_pods, minmay_temple_entry_waves,
          chequers_serial_rivers_micro_c, kennysheep_big_empty_room,
          chequers_serial_rivers_micro_e, uniq_menkaure, uniq_duvessa,
          uniq_grinder, uniq_eustachio
D:5:      layout_rooms, hangedman_decor_riveting
D:6:      layout_basic, dk_rats_in_the_wall

Skill      XL: |  1  2  3  4  5  6  7  8 |
---------------+-------------------------+-----
Long Blades    | 4 5 6 |  6.1
Stealth        | 3 4 5 |  5.4
Fighting       | 4 5 |  5.5
Dodging        | 5 6 |  6.6
Invocations    | 2 3 4 5 |  5.4

Action                   |  1- 3 |  4- 6 |  7- 9 || total
-------------------------+-------+-------+-------++-------
Melee: Falchion          |   150 |   155 |   116 ||   421
       Punch             |       |       |     3 ||     3
       Great sword       |       |       |    34 ||    34
Invok: Stomp             |       |     4 |     6 ||    10
       Line Pass         |       |     1 |     3 ||     4
  Use: Scroll            |       |     6 |       ||     6
       Potion            |       |     2 |     1 ||     3
 Stab: Sleeping          |     2 |     3 |     3 ||     8
       Paralysed         |       |     2 |     1 ||     3
Armor: Robe              |    36 |     2 |       ||    38
       Ring mail         |       |    85 |    63 ||   148
Dodge: Dodged            |   147 |   161 |   160 ||   468

Table legend: (Time is in decaauts)
 A = Elapsed time spent in this place.
 B = Non-inter-level travel time spent in this place.
 C = Inter-level travel time spent in this place.
 D = Time resting spent in this place.
 E = Time spent auto-exploring this place.
 F = Levels seen in this place.
 G = Mean time per level.
                   A        B        C        D        E       F      G
               +--------+--------+--------+--------+--------+-----+--------+
         Total |   5084 |   4870 |    214 |    796 |   2995 |   6 |  847.3 |
       Dungeon |   5084 |   4870 |    214 |    796 |   2995 |   6 |  847.3 |
               +--------+--------+--------+--------+--------+-----+--------+

Top non-repeatable levels by time:
     D:4: 1453 daAuts
     D:3: 1122 daAuts
     D:5: 792 daAuts
     D:2: 769 daAuts
     D:1: 639 daAuts
     D:6: 307 daAuts
